 Dungeon Crawl Stone Soup version 0.28-a0-390-gb254ac4902 (webtiles) character file.

Game seed: 8649344407128716293

90 tognito the Chopper (level 4, -5/37 (40) HPs)
             Began as a Minotaur Berserker on Sept 4, 2021.
             Was a Believer of Trog.
             Slain by a wight (9 damage)
             ... on level 3 of the Dungeon.
             The game lasted 00:03:48 (2025 turns).

tognito the Chopper (Minotaur Berserker)            Turns: 2025, Time: 00:03:49

HP:   -5/37 (40)    AC:  6    Str: 22 (23) XL:     4   Next: 32%
MP:   3/3           EV: 10    Int:  1 (4)  God:    Trog [**....]
Gold: 66            SH:  0    Dex:  8 (9)  Spells: 3/3 levels left

rFire   . . .      SeeInvis .   a - +0 hand axe
rCold   . . .      Faith    .   (no shield)
rNeg    . . .      Spirit   .   e - +0 scale mail
rPois   .          Reflect  .   (helmet restricted)
rElec   .          Harm     .   (no cloak)
rCorr   .          Rampage  .   (no gloves)
Will    .....                   (no boots)
Stlth   ..........              (no amulet)
HPRegen 0.12/turn               (no ring)
MPRegen 0.08/turn               (no ring)

@: on berserk cooldown, slowed, drained, very slow
A: horns 2, retaliatory headbutt
a: Renounce Religion, Berserk, Trog's Hand


You were on level 3 of the Dungeon.
You worshipped Trog.
Trog was pleased with you.
You visited 1 branch of the dungeon, and saw 3 of its levels.

You collected 66 gold pieces.

Inventory:

Hand Weapons
 a - a +0 hand axe (weapon)
Missiles
 c - 19 stones (quivered)
Armour
 e - a +0 scale mail (worn)
Scrolls
 b - a scroll of enchant weapon {unknown}
 d - a scroll of amnesia {unknown}
 f - a scroll of identify {unknown}


   Skills:
 + Level 4.2 Fighting
 * Level 4.8 Axes
 + Level 3.3 Armour
 + Level 3.0 Dodging


You had 3 spell levels left.
You didn't know any spells.
Your spell library was empty.

Dungeon Overview and Level Annotations

Branches:
Dungeon (3/15)

Altars:


Innate Abilities, Weirdness & Mutations

You have a pair of horns on your head.
You reflexively headbutt those who attack you in melee.


Message History

The wight misses you.
You hit the wight.
The wight is lightly damaged.
The wight barely misses you.
A red film seems to cover your vision as you go berserk!
You feel yourself moving faster!
You feel mighty!
The wight hits you with a +2 great sword!
You closely miss the wight.
The wight is lightly damaged.
The wight hits you with a +2 great sword!
You hit the wight.
The wight is moderately damaged.
The wight closely misses you.
You completely miss the wight.
The wight is moderately damaged.
The wight hits you with a +2 great sword!
You feel drained.
* * * LOW HITPOINT WARNING * * *
You hit the wight.
The wight is moderately damaged.
You closely miss the wight.
The wight is moderately damaged.
The wight hits you with a +2 great sword!
* * * LOW HITPOINT WARNING * * *
You feel drained.
* * * LOW HITPOINT WARNING * * *
You feel a strong urge to attack something.
You are no longer berserk.
You are exhausted.
You feel yourself slow down. The wight misses you. The wight misses you.
The wight barely misses you. The wight barely misses you.
You furiously retaliate!
You headbutt the wight. The wight barely misses you.
The wight barely misses you. You furiously retaliate!
You headbutt the wight.
You see here an adder corpse.
The wight barely misses you.
The wight hits you with a +2 great sword!
You die...

########### .#
#...zz..z.#######.#
..
#.#######.##......#
.. #.#
#z##.######## . #.#
#..z......... #z#
####z######## #z#
#@# #.# #.# #####.#
#.# ....#.#
###.####### ......#
#.........# ###.###
##.#.#####.# #z#
###....# #.#
#......#


.zz #.#...### You could see 2 wights.

Vanquished Creatures
  4 adders
  3 dart slugs
  5 bats
  4 endoplasms
  A giant cockroach (D:2)
  2 goblins (D:2)
  3 hobgoblins
  6 jackals
  5 kobolds
  5 quokkas
  6 ball pythons
  A rat (D:3)
45 creatures vanquished.

Notes
Turn   | Place    | Note
-------+----------+-------------------------------------------
     0 | D:1      | tognito the Minotaur Berserker began the quest for the Orb.
     0 | D:1      | Reached XP level 1. HP: 19/19 MP: 0/0
   334 | D:1      | Reached XP level 2. HP: 27/27 MP: 1/1
   694 | D:2      | Reached XP level 3. HP: 18/33 MP: 2/2
   878 | D:2      | Found a faded altar of an unknown god.
  1159 | D:2      | Reached ** piety under Trog
  1350 | D:2      | Reached XP level 4. HP: 38/40 MP: 3/3
  2003 | D:3      | HP: 1/55 [wight (5)]
  2025 | D:3      | Slain by a wight

Illustrated notes

Levels and vault maps discovered:
D:1:      heliophobic_arrival_enchanted_forest, layout_rooms
D:2:      layout_loops_ring, shapermc_ecumenical_altar_notcrosses
D:3:      layout_loops_ring

Skill      XL: |  1  2  3  4 |
---------------+-------------+-----
Axes           | 4 |  4.8
Fighting       | 4 |  4.2
Armour         | 3 |  3.3
Dodging        | 3 |  3.0

Action                   |  1- 3 |  4- 6 || total
-------------------------+-------+-------++-------
Melee: Hand axe          |    73 |    32 ||   105
       Headbutt          |    16 |     2 ||    18
Invok: Berserk           |       |     1 ||     1
  Use: Potion            |     2 |     1 ||     3
Armor: Animal skin       |    13 |       ||    13
       Scale mail        |    10 |    10 ||    20
Dodge: Dodged            |    50 |    23 ||    73

Table legend: (Time is in decaauts)
 A = Elapsed time spent in this place.
 B = Non-inter-level travel time spent in this place.
 C = Inter-level travel time spent in this place.
 D = Time resting spent in this place.
 E = Time spent auto-exploring this place.
 F = Levels seen in this place.
 G = Mean time per level.
                   A        B        C        D        E       F      G
               +--------+--------+--------+--------+--------+-----+--------+
         Total |   2039 |   2013 |     26 |     23 |   1673 |   3 |  679.7 |
       Dungeon |   2039 |   2013 |     26 |     23 |   1673 |   3 |  679.7 |
               +--------+--------+--------+--------+--------+-----+--------+

Top non-repeatable levels by time:
     D:2: 989 daAuts
     D:1: 685 daAuts
     D:3: 364 daAuts
